Unix NetHack Version 5.0.0-0 post-release - last build May 23 2026 06:08:33 (1c0ff79ee797540d5714e4e18072db0edd9e58ae,branch:main).

Game began 2026-05-28 16:13:12, ended 2026-05-28 16:21:51.

Atomicjoy, chaotic male elven Wizard

  ---
  |<..--
  |.....-
   -..|...
    -.|-.....---
    ---.........|
        --.|..G.|
         -----@.|
             |..|
             --.|
              |.|
              ---

Atomicjoy the Evoker      St:10 Dx:15 Co:13 In:20 Wi:9 Ch:9  Chaotic
Dlvl:7  $:66 HP:0(13) Pw:9(9) AC:8  Xp:1 T:992 

Latest messages:
 You hear the footsteps of a guard on patrol.
 You hear water falling on coins.
 You find a hidden passage.
 The door resists!
 The door resists!
 The door opens.
 You see here 16 gold pieces.
 $ - 16 gold pieces (66 in total).
 You see here a key.
 A cloud of gas puts you to sleep!
 You wake up.
 E - a key.
 There is nothing here to pick up.
 You see here a bag.
 You carefully open the bag...
 It develops a huge set of teeth and bites you!
 F - a bag of tricks.
 The door resists!
 The door resists!
 The door opens.
 You descend the stairs.
 You see here a red gem.
 G - a red gem.
 You hear an F note squeak in the distance.
 You hear an F note squeak in the distance.
 A trap door opens up under you!
 You fall down a shaft!
 The hobbit throws a dagger!
 You are hit by a dagger.
 The hobbit picks up a blue gem.
 Are you sure you want to pray? [yn] (n) y
 You begin praying to Anhur.
 You are surrounded by a shimmering light.
 The hobbit starts to attack you, but pulls back.
 You finish your prayer.
 You feel that Anhur is pleased.
 You feel much better.
 The hobbit hits!
 The dwarf picks up a dagger.
 The dwarf throws a dagger!
 The dagger misses the hobbit.
 You are hit by a dagger.
 You descend the stairs.
 You hear a door open.
 You hear a chugging sound.
 The gnome lord hits!
 You hear a door open.
 The gnome lord hits!
 You die...
 Do you want your possessions identified? [ynq] (y) q

Inventory:
 Coins    ('$')
  $ - 66 gold pieces
 Amulets  ('"')
  u - a blessed amulet of ESP
  r - a cursed amulet of restful sleep
 Weapons  (')')
  B - 49 blessed +0 arrows
  z - 8 +0 arrows
  A - 9 cursed +0 crossbow bolts
  a - a blessed +1 quarterstaff (weapon in hands)
 Armor    ('[')
  s - an uncursed +0 orcish helm
  x - a cursed -1 pair of fumble boots named C
  D - an uncursed +0 pair of speed boots (being worn)
  b - an uncursed +0 cloak of magic resistance (being worn)
 Comestibles  ('%')
  C - an uncursed food ration
 Scrolls  ('?')
  i - an uncursed scroll of earth
  j - 2 blessed scrolls of food detection
  k - an uncursed scroll of food detection
 Spellbooks  ('+')
  l - a blessed spellbook of force bolt
  m - an uncursed spellbook of knock
  p - an uncursed spellbook of light
 Potions  ('!')
  f - an uncursed potion of booze
  v - an uncursed potion of extra healing
  q - an uncursed potion of healing
  g - an uncursed potion of oil
  w - an uncursed potion of polymorph
  h - an uncursed potion of see invisible
 Rings    ('=')
  e - an uncursed ring of cold resistance
  d - an uncursed ring of fire resistance
 Wands    ('/')
  c - a wand of fire (0:7)
  y - a wand of locking (0:7)
  t - a wand of speed monster (0:4)
 Tools    ('(')
  F - a bag of tricks (0:5)
  o - an uncursed bugle
  n - a magic marker (0:20)
  E - a cursed skeleton key
 Gems/Stones  ('*')
  G - an uncursed worthless piece of red glass

Atomicjoy the Wizard's attributes:

Background:
 You were an Evoker, a level 1 male elven Wizard.
 You were chaotic, on a mission for Anhur
 who was opposed by Ptah (lawful) and Thoth (neutral).
 You were right-handed.
 You were in the Gnomish Mines, on level 7.
 You entered the dungeon 992 turns ago.
 You had 10 experience points, 10 more were needed to attain level 2.

Basics:
 You had 0 out of 13 hit points.
 You had all 9 energy points (spell power).
 Your armor class was 8.
 Your wallet contained 66 zorkmids.
 Autopickup was off.

Final Characteristics:
 Your strength was 10 (limit:18).
 Your dexterity was 15 (limit:18).
 Your constitution was 13 (limit:16).
 Your intelligence was 20 (limit:20).
 Your wisdom was 9 (limit:20).
 Your charisma was 9 (limit:18).

Final Status:
 You weren't hungry.
 You were unencumbered.
 You were wielding a quarterstaff.
 You had basic skill with quarterstaff.

Final Attributes:
 You were fervently aligned.
 You were magic-protected.
 You had infravision.
 You were warded.
 You were very fast.
 You are dead.

Miscellaneous:
 You didn't encounter any bones levels.
 Total elapsed playing time was 8 minutes and 38 seconds.

Major events:
 Turn
    1: Atomicjoy the chaotic male elven Wizard entered the dungeon
  772: entered the Gnomish Mines
  980: reached Mine Town
  992: killed by a gnome lord

Spells:
 Name                 Level Category     Fail Retention
 force bolt             1   attack         0%  91%-100%
 knock                  1   matter         0%  76%-100%

Skills:
 Fighting Skills
   bare handed combat [Unskilled]
   riding             [Unskilled]
 Weapon Skills
   dagger             [Unskilled]
   knife              [Unskilled]
   axe                [Unskilled]
   short sword        [Unskilled]
   club               [Unskilled]
   mace               [Unskilled]
   quarterstaff       [Basic]
   polearms           [Unskilled]
   spear              [Unskilled]
   trident            [Unskilled]
   sling              [Unskilled]
   dart               [Unskilled]
   shuriken           [Unskilled]
 Spellcasting Skills
   attack spells      [Basic]
   healing spells     [Unskilled]
   divination spells  [Unskilled]
   enchantment spells [Basic]
   clerical spells    [Unskilled]
   escape spells      [Unskilled]
   matter spells      [Unskilled]

Voluntary challenges:
 Character rerolling was not enabled.
 You were illiterate.
 You never genocided any monsters.
 You never polymorphed an object.
 You never changed form.
 You used no wishes.
Achievements:
 You entered the Gnomish Mines.
 You entered Minetown.

 The Dungeons of Doom: levels 1 to 3
    Level 1:
       A fountain.
    Level 2:
       A fountain.
    Level 3:
       Stairs down to The Gnomish Mines.
 The Gnomish Mines: levels 4 to 7
    Level 4:
    Level 6:
    Level 7: <- You were here.
       Final resting place for
          you, killed by a gnome lord.


Vanquished creatures:
  a jackal
  2 foxes
  a kobold
  2 goblins
  2 grid bugs
  3 newts
11 creatures vanquished.

No species were genocided or became extinct.

Game over:
                       ----------
                      /          \
                     /    REST    \
                    /      IN      \
                   /     PEACE      \
                  /                  \
                  |    Atomicjoy     |
                  |      66 Au       |
                  |   killed by a    |
                  |    gnome lord    |
                  |                  |
                  |                  |
                  |       2026       |
                 *|     *  *  *      | *
        _________)/\\_//(\/(/\)/\//\/|_)_______

Goodbye Atomicjoy the Wizard...

You died in The Gnomish Mines on dungeon level 7 with 400 points,
and 66 pieces of gold, after 992 moves.
You were level 1 with a maximum of 13 hit points when you died.

